 Dungeon Crawl Stone Soup version 0.28-a0-1038-g9c4cb8273d (webtiles) character file.

Game seed: 11748231593426230436

2 yoda5477 the Skirmisher (level 1, 19/19 HPs)
             Began as a Draconian Fighter on Dec 8, 2021.
             Quit the game on level 1 of the Dungeon.
             The game lasted 00:01:26 (107 turns).

yoda5477 the Skirmisher (Draconian Fighter)          Turns: 107, Time: 00:01:27

Health: 19/19      AC:  4    Str: 18    XL:     1   Next: 25%
Magic:  1/1        EV: 12    Int:  8    God:
Gold:   0          SH:  4    Dex: 10    Spells: 0/0 levels left

rFire   . . .      SeeInvis .   a - +0 long sword
rCold   . . .      Faith    .   b - +0 buckler
rNeg    . . .      Spirit   .   (armour unavailable)
rPois   .          Reflect  .   (helmet restricted)
rElec   .          Harm     .   (no cloak)
rCorr   .          Rampage  .   (no gloves)
Will    .....                   (no boots)
Stlth   +.........              (no amulet)
HPRegen 0.06/turn               (no ring)
MPRegen 0.07/turn               (no ring)

@: no status effects
A: AC +4, unfitting armour, cold-blooded
a: no special abilities


You were on level 1 of the Dungeon.
You visited 1 branch of the dungeon, and saw 1 of its levels.

Inventory:

Hand Weapons
 a - a +0 long sword (weapon)
Armour
 b - a +0 buckler (worn)
Potions
 c - a potion of might


   Skills:
 - Level 3.2 Fighting
 * Level 2.1 Long Blades
 - Level 2.6 Dodging
 + Level 3.0 Shields


You couldn't memorise any spells.
You didn't know any spells.
Your spell library was empty.

Dungeon Overview and Level Annotations

Branches:
Dungeon (1/15)

Altars:


Innate Abilities, Weirdness & Mutations

Your plain brown scales are hard. (AC +4)
You cannot fit into any form of body armour.
You are cold-blooded and may be slowed by cold attacks.


Message History

Press ? for a list of commands and other information.
Found 28 arrows.
Found a staircase leading out of the dungeon.
You enter the shallow water.
Moving in this stuff is going to be slow.
A kobold comes into view. It is wielding a +0 short sword.
You see here 28 arrows.
A rat comes into view.
The kobold shouts!
You hear an angry hiss.
A ball python comes into view.
The kobold hits you with a +0 short sword.
The rat bites you but does no damage.
You barely miss the rat. The kobold closely misses you.
The rat closely misses you. The rat bites you but does no damage.
You see here 28 arrows.
You slash the rat!
You kill the rat!
The kobold barely misses you.
You hit the kobold but do no damage.
The kobold hits you with a +0 short sword.
You closely miss the kobold. The kobold misses you.
You closely miss the kobold. The kobold closely misses you.
The kobold hits you but does no damage.
You hit the kobold.
Your tail-slap misses the kobold.
The kobold is moderately wounded.
The kobold hits you with a +0 short sword.
You miss the kobold. The kobold misses you.
You hit the kobold.
You kill the kobold!
The ball python closely misses you. x2
You slash the ball python!
You kill the ball python!
Things that are here:
a +0 short sword; a kobold corpse You start resting.
HP restored.
Found a ring mail.
Found a stone staircase leading down.
Are you sure you want to abandon this character and quit the game? (Confirm with "yes".)

......[........##
...#####......###
#.........
##....#### #..###
#..######.#
#..........
#.#######.# #@#
#.# #.# #.# #.#
... ... .>.


There were no monsters in sight!

Vanquished Creatures
  A ball python (D:1)
  A kobold (D:1)
  A rat (D:1)
3 creatures vanquished.

Notes
Turn   | Place    | Note
-------+----------+-------------------------------------------
     0 | D:1      | yoda5477 the Draconian Fighter began the quest for the Orb.
     0 | D:1      | Reached XP level 1. HP: 19/19 MP: 1/1
   107 | D:1      | Quit the game

Illustrated notes

Levels and vault maps discovered:
D:1:      dpeg_arrival_shrine, layout_loops_ring, due_unseen_surprise

Action                   || total
-------------------------++-------
Melee: Long sword        ||     9
Armor: Skin              ||     3
Dodge: Dodged            ||     8

Table legend: (Time is in decaauts)
 A = Elapsed time spent in this place.
 B = Non-inter-level travel time spent in this place.
 C = Inter-level travel time spent in this place.
 D = Time resting spent in this place.
 E = Time spent auto-exploring this place.
 F = Levels seen in this place.
 G = Mean time per level.
                   A        B        C        D        E       F      G
               +--------+--------+--------+--------+--------+-----+--------+
         Total |    110 |    110 |      0 |     41 |     47 |   1 |  110.0 |
       Dungeon |    110 |    110 |      0 |     41 |     47 |   1 |  110.0 |
               +--------+--------+--------+--------+--------+-----+--------+

Top non-repeatable levels by time:
     D:1: 110 daAuts
